 Dungeon Crawl Stone Soup version 0.19.5 (webtiles) character file.

270 Inarius the Shield-Bearer (level 6, -1/82 HPs)
             Began as a Minotaur Fighter on May 10, 2017.
             Was an Initiate of Nemelex Xobeh.
             Slain by an elf zombie (2 damage)
             ... in an ossuary.
             The game lasted 00:06:16 (2504 turns).

Inarius the Shield-Bearer (Minotaur Fighter)        Turns: 2504, Time: 00:06:18

Health: -1/82      AC: 23    Str: 22    XL:     6   Next: 1%
Magic:  5/5        EV:  2    Int:  8    God:    Nemelex Xobeh [......]
Gold:   147        SH: 10    Dex: 10    Spells: 0 memorised, 5 levels left

rFire  . . .     SeeInvis .     j - +2 spear (pierce)
rCold  . . .     Gourm    .     (armour currently unavailable)
rNeg   + + +     Faith    .     c - +0 shield
rPois  +         Spirit   .     (helmet currently unavailable)
rElec  .         Reflect  .     (cloak currently unavailable)
rCorr  .         Harm     .     (gloves currently unavailable)
MR     .....     NoTele   +     (boots currently unavailable)
Stlth  +.........               (no amulet)
                                (no ring)
                                l - +3 ring of intelligence

@: tree-form
A: (retaliatory headbutt), (horns 0)
a: Renounce Religion


You were in an ossuary.
You worshipped Nemelex Xobeh.
Nemelex Xobeh was noncommittal.
You were not hungry.
You were a tree.
You visited 2 branches of the dungeon, and saw 5 of its levels.
You also visited: Ossuary.

You collected 147 gold pieces.

Inventory:

Hand Weapons
 a - a +0 war axe
 j - a +2 spear of piercing (weapon)
Armour
 b - a +0 chain mail (melded)
 c - a +0 shield (worn)
 n - a +1 pair of gloves (melded)
Jewellery
 l - a +3 ring of intelligence (left branch)
Scrolls
 e - 3 scrolls of identify
 h - a scroll of enchant armour
 k - a scroll of remove curse
 r - a scroll of immolation {unknown}
Potions
 d - a potion of might
 u - a potion of mutation {unknown}
Miscellaneous
 m - a plain deck of summoning {drawn: 2}
Comestibles
 f - 3 bread rations
 i - 2 meat rations
 t - 4 chunks of flesh


   Skills:
 + Level 4.8 Fighting
 + Level 3.9(4.2) Axes
 + Level 2.5(3.5) Polearms
 + Level 4.5 Armour
 + Level 1.4 Dodging
 + Level 0.5 Stealth
 + Level 4.9 Shields


You had 5 spell levels left.
You didn't know any spells.

Dungeon Overview and Level Annotations

Branches:
Dungeon (4/15)             Temple (1/1) D:4

Altars:
Cheibriados
Dithmenos
Elyvilon
Fedhas
Gozag
Hepliaklqana
Makhleb
Nemelex Xobeh
Qazlal
Ru
Trog
Xom
The Shining One


Innate Abilities, Weirdness & Mutations

((You reflexively headbutt those who attack you in melee.))
((You have a pair of horns on your head.))


Message History

You block the insubstantial wisp's attack.
It was a potion of cancellation.
Your magical effects are unravelling.
You feel magically purged.
Your magical contamination has completely faded away.
You feel yourself slow down.
You float gracefully downwards.
You feel a little less mighty now.
You feel a little less clever now.
The insubstantial wisp disappears in a puff of smoke!
The elf zombie hits you but does no damage.
The rat zombie bites you but does no damage.
It was a potion of lignification.
You turn into a tree.
Your +1 pair of gloves melds into your body.
Your +0 chain mail melds into your body.
Your roots penetrate the ground.
The elf zombie hits you but does no damage.
You block the elf zombie's attack. The orc zombie barely misses you.
The elf zombie hits you.
You die...
Your body disappears without a glow.

........................
.....##...............#
.....##...............##
........................
.#.....................
##....................
#.........§§§........
##.........MZZ........
#..........MZ♣........
..............ZZv.......
...............Z........
.....##...............##
..... #...............#
.......................
.......................
.........#####......
.......... .....


You could see an insubstantial wisp, 2 mummies, a rat zombie, a big kobold
zombie, an orc zombie and 3 elf zombies.

Vanquished Creatures
  An elf zombie (Ossuary)
  An orc priest (D:3)
  An orc wizard (D:3)
  Terence (D:3)
  A hound zombie (Ossuary)
  2 adders (D:3)
  An adder zombie (Ossuary)
  A worm (D:3)
  3 dart slugs (D:1)
  A leopard gecko (D:2)
  8 orcs (D:3)
  5 giant cockroaches
  10 hobgoblins
  2 jackals (D:1)
  2 quokkas
  3 ball pythons
  4 bats
  3 frilled lizards (D:1)
  A goblin (D:3)
  A hobgoblin zombie (Ossuary)
  A jackal zombie (Ossuary)
  11 kobolds
  6 rats
  A rat zombie (Ossuary)
71 creatures vanquished.

Vanquished Creatures (others)
  A bat (D:2)
1 creature vanquished.

Grand Total: 72 creatures vanquished

Notes
Turn   | Place    | Note
-------+----------+-------------------------------------------
     0 | D:1      | Inarius the Minotaur Fighter began the quest for the Orb.
     0 | D:1      | Reached XP level 1. HP: 19/19 MP: 0/0
    81 | D:1      | Reached XP level 2. HP: 21/27 MP: 1/1
   352 | D:1      | Reached XP level 3. HP: 27/33 MP: 2/2
   676 | D:2      | Found a white marble altar of Elyvilon.
  1139 | D:3      | Noticed Terence
  1146 | D:3      | Killed Terence
  1146 | D:3      | Reached XP level 4. HP: 36/40 MP: 3/3
  1430 | D:3      | Reached skill level 1 in Polearms
  1701 | D:3      | Reached skill level 1 in Dodging
  2139 | D:3      | Reached XP level 5. HP: 47/47 MP: 4/4
  2302 | D:4      | Found a staircase to the Ecumenical Temple.
  2315 | Temple   | Entered the Ecumenical Temple
  2383 | Temple   | Became a worshipper of Nemelex Xobeh the Trickster
  2427 | D:4      | Received a gift from Nemelex Xobeh
  2442 | D:4      | Found a sand-covered staircase.
  2450 | Ossuary  | Entered an ossuary
  2476 | Ossuary  | Noticed an insubstantial wisp
  2476 | Ossuary  | Noticed an insubstantial wisp
  2501 | Ossuary  | HP: 1/47 [insubstantial wisp/static electricity[the player character] (6)]
  2502 | Ossuary  | Reached XP level 6. HP: 1/55 MP: 5/5
  2504 | Ossuary  | Slain by an elf zombie

Skill      XL: |  1  2  3  4  5 |
---------------+----------------+-----
Fighting       | 4 |  4.8
Shields        | 4 |  4.9
Axes           | 3 |  3.9
Armour         | 4 |  4.5
Polearms       | 1 2 |  2.5
Dodging        | 1 |  1.4
Stealth        | |  0.5

Action                   |  1- 3 |  4- 6 || total
-------------------------+-------+-------++-------
Melee: War axe           |    42 |       ||    42
       Headbutt          |    12 |    18 ||    30
       Spear             |    34 |   100 ||   134
Evoke: Deck              |       |     2 ||     2
  Use: Potion            |       |     6 ||     6
       Scroll            |       |     4 ||     4
  Eat: Chunk             |       |     5 ||     5
Armor: Scale mail        |    22 |       ||    22
       Chain mail        |     7 |    87 ||    94
       Skin              |       |     1 ||     1
Dodge: Dodged            |    15 |    35 ||    50
Block: Shield            |    35 |    51 ||    86
